 Dungeon Crawl Stone Soup version 0.28.0 (webtiles) character file.

Game seed: 4298163011277893103

8649 mopl the Carver (level 11, -4/87 HPs)
             Began as a Merfolk Fighter on Feb 16, 2022.
             Was an Elder of Nemelex Xobeh.
             Killed by refrigeration
             ... invoked by Fannar
              (22 damage)
             ... on level 10 of the Dungeon.
             The game lasted 00:16:09 (11592 turns).

mopl the Carver (Merfolk Fighter)                  Turns: 11592, Time: 00:16:10

Health: -4/87      AC: 17    Str: 20    XL:     11   Next: 34%
Magic:  34/34      EV:  8    Int:  9    God:    Nemelex Xobeh [****..]
Gold:   361        SH:  4    Dex: 13    Spells: 10/10 levels left

rFire   . . .      SeeInvis .   a - +1 scimitar (vamp)
rCold   . . .      Faith    +   c - +0 buckler
rNeg    . . .      Spirit   .   k - +0 plate armour
rPois   .          Reflect  .   H - +0 helmet
rElec   .          Harm     .   N - scarf {repulsion}
rCorr   .          Rampage  .   v - +2 pair of gloves
Will    .....                   (no boots)
Stlth   ..........              G - amulet of faith {!P}
HPRegen 0.24/turn               s - ring of magical power
MPRegen 0.24/turn               M - ring of magical power

@: mighty, repel missiles
A: (nimble swimmer 2), mertail
a: Renounce Religion, Draw Escape, Draw Destruction, Draw Summoning, Triple
Draw, Deal Four


You were on level 10 of the Dungeon.
You worshipped Nemelex Xobeh.
Nemelex Xobeh was greatly pleased with you.
You visited 1 branch of the dungeon, and saw 10 of its levels.
You also visited: Bailey.

You collected 361 gold pieces.

Inventory:

Hand Weapons
 a - a +1 vampiric scimitar (weapon)
 b - a +2 dagger of venom
 r - a +0 scimitar of flaming
Missiles
 j - 17 poisoned darts (quivered)
 p - 3 atropa-tipped darts
 t - 3 javelins
 C - 7 curare-tipped darts
 I - 3 boomerangs
Armour
 c - a +0 buckler (worn)
 g - a +0 kite shield
 k - a +0 plate armour (worn)
 v - a +2 pair of gloves (worn)
 H - a +0 helmet (worn)
 N - a scarf of repulsion (worn)
Jewellery
 s - a ring of magical power (left hand)
 G - an amulet of faith (around neck) {!P}
 M - a ring of magical power (right hand)
Wands
 w - a wand of charming (11)
 L - a wand of flame (12)
 O - a wand of iceblast (1)
Scrolls
 e - 2 scrolls of fear {unknown}
 f - a scroll of silence {unknown}
 h - 2 scrolls of holy word {unknown}
 i - 2 scrolls of blinking {unknown}
 l - 2 scrolls of enchant armour {unknown}
 n - 2 scrolls of enchant weapon {unknown}
 o - 2 scrolls of fog {unknown}
 q - a scroll of amnesia {unknown}
 u - 5 scrolls of teleportation {unknown}
 x - 2 scrolls of magic mapping {unknown}
 y - a scroll of torment {unknown}
 z - a scroll of immolation {unknown}
 J - a scroll of noise {unknown}
Potions
 d - a potion of might
 m - 3 potions of curing
 A - a potion of cancellation
 B - a potion of brilliance {unknown}
 E - a potion of magic {unknown}
 F - 2 potions of resistance {unknown}
 K - a potion of flight {unknown}
Miscellaneous
 D - a condenser vane (inert)


   Skills:
 + Level 8.4 Fighting
 * Level 11.2 Long Blades
 + Level 5.7 Armour
 + Level 9.0 Dodging
 - Level 3.0 Shields
 + Level 7.1 Invocations
 + Level 3.3 Evocations


You had 10 spell levels left.
You didn't know any spells.
Your spell library contained the following spells:

 Spells                   Type           Power      Damage    Failure   Level
 Freeze                   Ice            0%         1d3       100%        1
 Sting                    Tmut/Pois      0%         1d3       100%        1
 Corpse Rot               Necr/Air       0%         N/A       100%        2
 Poisonous Vapours        Pois/Air       0%         N/A       100%        2
 Static Discharge         Conj/Air       0%         N/A       100%        2
 Frozen Ramparts          Ice            0%         1d2       100%        3
 Gell's Gravitas          Tloc           0%         N/A       100%        3
 Lesser Beckoning         Tloc           0%         N/A       100%        3
 Teleport Other           Tloc           0%         N/A       100%        3
 Dispel Undead            Necr           0%         3d6       100%        4
 Hailstorm                Conj/Ice       0%         3d3       100%        4
 Olgreb's Toxic Radiance  Pois           0%         N/A       100%        4
 Sticky Flame             Conj/Fire      0%         2d3       100%        4


Dungeon Overview and Level Annotations

Branches:
Dungeon (10/15)            Temple (0/1) D:5          Bailey (visited)
   Lair: D:8-11         Orc: D:9-12

Altars:
Dithmenos
Gozag
Nemelex Xobeh
Trog
Uskayaw
Wu Jian
Xom
Zin

Shops:
D:3 *

Annotations:
D:10 Fannar


Innate Abilities, Weirdness & Mutations

((You are very nimble when in or above water. (Stealth+, EV+, Speed+++)))
Your lower body shifts to a powerful aquatic tail in water.


Message History

Fannar is moderately wounded.
Fannar hits you with a +0 quarterstaff of freezing.
Fannar freezes you.
You miss Fannar.
Fannar is moderately wounded.
Fannar completely misses you.
You miss Fannar.
Fannar is moderately wounded.
Fannar mumbles some strange words.
Fannar drains the heat from the surrounding environment!
* * * LOW HITPOINT WARNING * * *
You slice Fannar!!
You feel better.
Fannar is heavily wounded.
Fannar hits you with a +0 quarterstaff of freezing.
* * * LOW HITPOINT WARNING * * *
Fannar freezes you.
* * * LOW HITPOINT WARNING * * *
You slash Fannar!
You feel better.
Fannar is severely wounded.
Fannar hits you with a +0 quarterstaff of freezing.
* * * LOW HITPOINT WARNING * * *
Fannar freezes you.
* * * LOW HITPOINT WARNING * * *
You slash Fannar!
You feel better.
Fannar is almost dead.
Fannar drinks a potion.
Fannar is healed!
You closely miss Fannar.
Fannar is severely wounded.
You hit Fannar.
Fannar is almost dead.
Fannar hits you with a +0 quarterstaff of freezing.
* * * LOW HITPOINT WARNING * * *
Fannar freezes you.
* * * LOW HITPOINT WARNING * * *
You slash Fannar!
Fannar is almost dead.
Fannar gestures wildly while chanting.
Fannar drains the heat from the surrounding environment!
You die...
Your body glows slightly and disappears.

##.......##
#.........#
#.........#
#./.......#
#>........#
#.........#
.........##
#.....?@e.#
#.........#
#.........#
............
.............
..............#
##.......[...##
##.........##


You could see Fannar.

Vanquished Creatures
  A two-headed ogre (D:9)
  A deep elf pyromancer (D:7)
  An ugly thing (D:9)
  2 centaur zombies
  A kobold demonologist (D:9)
  2 trolls
  A hornet (D:9)
  Prince Ribbit (D:8)
  A vampire (Bailey)
  Eustachio (D:5)
  4 yaks (D:8)
  A wyvern (D:7)
  An acid dragon (D:9)
  3 water moccasins
  A sky beast (D:5)
  A black bear (D:7)
  2 ice beasts
  A wolf (D:9)
  2 centaurs
  A phantom (D:7)
  4 kobold brigands
  A gnoll sergeant (D:9)
  5 scorpions
  2 bullfrogs
  Blork the orc (D:6)
  2 water moccasin skeletons (D:5)
  9 wights
  7 vampire bats (Bailey)
  3 howler monkeys (D:8)
  5 wolf zombies (Bailey)
  2 iguanas
  2 jellies
  3 orc priests
  2 bullfrog skeletons
  Ijyb (D:5)
  4 orc wizards
  Terence (D:2)
  2 killer bee zombies
  A hound zombie (D:5)
  3 gnolls (D:9)
  A howler monkey skeleton (D:5)
  3 adders
  A white imp (D:8)
  2 ufetubi
  5 worms
  6 dart slugs
  21 orcs
  8 endoplasms
  7 giant cockroaches
  3 hobgoblins (D:1)
  2 quokkas
  6 ball pythons
  2 bats
  3 frilled lizards
  4 goblins
  29 kobolds
  24 orc zombies (Bailey)
  3 rats
219 creatures vanquished.

Vanquished Creatures (collateral kills)
  An ugly thing (D:9)
  A gargoyle (Bailey)
  Grum (D:9)
  2 wolves (D:9)
  A kobold brigand (D:9)
6 creatures vanquished.

Vanquished Creatures (others)
  25 plants (D:7)
25 creatures vanquished.

Grand Total: 250 creatures vanquished

Notes
Turn   | Place    | Note
-------+----------+-------------------------------------------
     0 | D:1      | mopl the Merfolk Fighter began the quest for the Orb.
     0 | D:1      | Reached XP level 1. HP: 18/18 MP: 1/1
    46 | D:1      | Reached XP level 2. HP: 22/24 MP: 2/2
    71 | D:1      | Reached skill level 1 in Dodging
   329 | D:1      | Reached XP level 3. HP: 19/29 MP: 3/3
   635 | D:1      | Reached skill level 3 in Long Blades
  1129 | D:2      | Noticed Terence
  1137 | D:2      | Reached XP level 4. HP: 37/37 MP: 4/4
  1153 | D:2      | Killed Terence
  1154 | D:2      | Reached skill level 2 in Dodging
  1403 | D:3      | Found Zin's Purification Station.
  1403 | D:3      | Found a glowing silver altar of Zin.
  1453 | D:3      | Found a faded altar of an unknown god.
  1470 | D:3      | Reached skill level 4 in Fighting
  1540 | D:3      | Noticed a scorpion
  1545 | D:3      | Killed a scorpion
  1546 | D:3      | Reached skill level 4 in Long Blades
  1546 | D:3      | Reached XP level 5. HP: 30/42 MP: 5/5
  1632 | D:3      | Prayed at the altar of an unknown god.
  1632 | D:3      | Became a worshipper of Nemelex Xobeh the Trickster
  1632 | D:3      | Reached * piety under Nemelex Xobeh
  1779 | D:3      | Received a gift from Nemelex Xobeh
  1906 | D:3      | Found an ornate altar of the Wu Jian Council.
  2231 | D:4      | Reached XP level 6. HP: 41/48 MP: 6/6
  2298 | D:4      | Reached skill level 3 in Dodging
  2298 | D:4      | Reached skill level 1 in Invocations
  2304 | D:4      | Reached skill level 3 in Armour
  2754 | D:4      | Found a bloodstained altar of Trog.
  2755 | D:4      | Found a shadowy altar of Dithmenos.
  3102 | D:4      | Reached ** piety under Nemelex Xobeh
  3138 | D:5      | Entered Level 5 of the Dungeon
  3139 | D:5      | Found a staircase to the Ecumenical Temple.
  3334 | D:5      | Reached skill level 5 in Long Blades
  3369 | D:5      | Reached skill level 5 in Fighting
  3369 | D:5      | Reached skill level 4 in Dodging
  3369 | D:5      | Reached skill level 2 in Invocations
  3369 | D:5      | Reached XP level 7. HP: 21/56 MP: 8/8
  3585 | D:5      | Reached skill level 6 in Long Blades
  3646 | D:5      | Reached XP level 8. HP: 33/62 MP: 10/10
  3819 | D:5      | Reached skill level 3 in Invocations
  4007 | D:5      | Noticed Ijyb
  4105 | D:5      | Paralysed by Ijyb for 4 turns
  4117 | D:5      | Killed Ijyb
  4582 | D:5      | Noticed Eustachio
  4637 | D:5      | Reached skill level 5 in Dodging
  4641 | D:5      | Killed Eustachio
  4881 | D:6      | Noticed Blork the orc
  4888 | D:6      | Reached skill level 7 in Long Blades
  4902 | D:6      | Killed Blork the orc
  5365 | D:6      | Reached skill level 4 in Armour
  5466 | D:6      | Noticed a troll
  5469 | D:6      | Killed a troll
  5470 | D:6      | Reached skill level 6 in Fighting
  5470 | D:6      | Reached skill level 4 in Invocations
  5470 | D:6      | Reached XP level 9. HP: 69/69 MP: 12/12
  5801 | D:7      | Reached skill level 6 in Dodging
  5839 | D:7      | Found a shimmering altar of Xom.
  5840 | D:7      | Found a shimmering altar of Xom.
  5841 | D:7      | Found a shimmering altar of Xom.
  5879 | D:7      | Reached *** piety under Nemelex Xobeh
  5895 | D:7      | Found a flagged portal.
  5904 | Bailey   | Entered a bailey
  5920 | Bailey   | Reached skill level 8 in Long Blades
  6363 | Bailey   | Identified the +5 ring mail of Lesser Demons {rF- Dex-3
                  | SInv Stlth+}
  6496 | Bailey   | Noticed a gargoyle
  6513 | Bailey   | Killed a gargoyle
  6514 | Bailey   | Reached skill level 5 in Invocations
  7076 | Bailey   | Identified the +6 fustibalus "Acoer" {speed, Int+4 Dex+4}
  7077 | Bailey   | Identified the +1 chain mail "Puoplac" {Contam rF+ Dex+2}
  7417 | D:7      | Noticed a deep elf pyromancer
  7447 | D:7      | Killed a deep elf pyromancer
  7448 | D:7      | Reached skill level 7 in Fighting
  7448 | D:7      | Reached skill level 9 in Long Blades
  7448 | D:7      | Reached skill level 7 in Dodging
  7448 | D:7      | Reached XP level 10. HP: 15/79 MP: 14/14
  8025 | D:7      | Reached skill level 5 in Armour
  8052 | D:7      | Received a gift from Nemelex Xobeh
  8665 | D:7      | Received a gift from Nemelex Xobeh
  8860 | D:8      | Found a sparkling altar of Nemelex Xobeh.
  9139 | D:8      | Received a gift from Nemelex Xobeh
  9202 | D:8      | Reached skill level 6 in Invocations
  9233 | D:8      | Reached skill level 10 in Long Blades
  9233 | D:8      | Reached skill level 1 in Evocations
  9325 | D:8      | Noticed Prince Ribbit
  9340 | D:8      | Killed Prince Ribbit
  9341 | D:8      | Reached skill level 8 in Dodging
  9601 | D:9      | Reached **** piety under Nemelex Xobeh
  9692 | D:9      | Reached skill level 2 in Evocations
 10161 | D:9      | Found a hide-covered altar of Uskayaw.
 10165 | D:9      | Found an opulent altar of Gozag.
 10204 | D:9      | Found a large runed translucent door.
 10204 | D:9      | Found a large runed translucent door.
 10295 | D:9      | Received a gift from Nemelex Xobeh
 10338 | D:9      | Noticed Erica
 10342 | D:9      | Noticed Erica
 10342 | D:9      | Erica changed into Erica the salamander
 10346 | D:9      | Noticed Erica
 10346 | D:9      | Erica the salamander changed into Erica the water moccasin
 10350 | D:9      | Killed Erica the water moccasin
 10360 | D:9      | Reached skill level 8 in Fighting
 10377 | D:9      | Noticed Grum
 10386 | D:9      | Reached XP level 11. HP: 56/86 MP: 15/15
 10415 | D:9      | Killed Grum
 10902 | D:9      | Noticed a two-headed ogre
 10912 | D:9      | Killed a two-headed ogre
 11034 | D:9      | Found a shimmering altar of Xom.
 11034 | D:9      | Noticed a red ugly thing
 11036 | D:9      | Noticed a white ugly thing
 11147 | D:9      | Identified the -1 quarterstaff of Boxyic {freeze, rPois rC-
                  | Str+7}
 11160 | D:9      | Killed a red ugly thing
 11161 | D:9      | Reached skill level 11 in Long Blades
 11161 | D:9      | Reached skill level 3 in Evocations
 11170 | D:9      | Killed a red ugly thing
 11171 | D:9      | Reached skill level 7 in Invocations
 11173 | D:9      | HP: 6/130 [poisoned by a kobold brigand (curare-tipped
                  | dart)]
 11547 | D:9      | Reached skill level 9 in Dodging
 11573 | D:10     | Entered Level 10 of the Dungeon
 11573 | D:10     | Noticed Fannar
 11592 | D:10     | Killed from afar by Fannar

Illustrated notes

Levels and vault maps discovered:
D:1:      nzn_arrival_settlement, layout_basic, hangedman_decor_points
D:2:      layout_loops_cross, uniq_terence
D:3:      layout_basic, zin_purify, nzn_wu_jian_contemplation,
          nicolae_ecumenical_snake_handling
D:4:      layout_basic, gammafunk_temple_overflow_statue
D:5:      layout_basic, minmay_temple_entry_grid, uniq_eustachio, uniq_ijyb
D:6:      layout_cave_pools, uniq_blork_the_orc
D:7:      kennysheep_kobold_camp, layout_loops_corners, xom_redecorated,
          enter_bailey_6
D:8:      layout_loops_ring, nemelex_spade_bored_becter, uniq_prince_ribbit1
D:9:      due_chaos_kobolds, layout_irregular_city,
          gammafunk_temple_overflow_pools, uniq_erica, uniq_grum
D:10:     layout_rooms, serial_shops, shop, uniq_fannar

Skill      XL: |  1  2  3  4  5  6  7  8  9 10 11 |
---------------+----------------------------------+-----
Dodging        | 1 2 4 5 7 8 9 |  9.0
Long Blades    | 3 4 5 6 7 9 10 11 | 11.2
Fighting       | 4 5 6 7 8 |  8.4
Invocations    | 2 4 5 6 7 |  7.1
Armour         | 3 4 5 |  5.7
Evocations     | 2 3 |  3.3
Shields        | |  3.0

Action                   |  1- 3 |  4- 6 |  7- 9 | 10-12 || total
-------------------------+-------+-------+-------+-------++-------
Melee: Scimitar          |    93 |   166 |   239 |   361 ||   859
       Dagger            |       |       |    57 |       ||    57
       Tailslap          |       |       |     3 |       ||     3
Throw: Dart              |       |       |       |     9 ||     9
Invok: Draw Destruction  |       |       |     6 |    19 ||    25
       Draw Escape       |       |       |     2 |     4 ||     6
       Draw Summoning    |       |       |     2 |     4 ||     6
Evoke: Wand              |       |       |     2 |       ||     2
       Condenser vane    |       |       |     1 |       ||     1
  Use: Scroll            |       |       |     2 |     2 ||     4
       Potion            |       |       |     2 |     5 ||     7
 Stab: Confused          |       |       |     2 |       ||     2
       Invisible         |       |       |       |     1 ||     1
Armor: Scale mail        |    27 |       |       |       ||    27
       Plate armour      |    16 |   129 |   202 |   221 ||   568
       Ring mail         |       |       |     2 |       ||     2
       Skin              |       |       |       |     9 ||     9
Dodge: Dodged            |    27 |    40 |   112 |   149 ||   328
Block: Buckler           |    11 |    34 |    83 |    92 ||   220
